AoeStats
← SigmaGoon18

Lombardia

508592342Analyzed
4v4 RM · 8d ago on Sep 23, 2026· 63m 56s· 8 players
Game mode
Random Map
Map size
Large (8 player)
Population
200
Speed
Normal
Resources
Standard
Victory
Conquest
Starting age
Dark Age
Ending age
Imperial Age
RankedLock teamsTeams togetherTeam positionsShared explorationLock speedFull tech treeHidden civsTurbo modeCheats
Victory
Defeat
🇭🇰 Vikings · Hong Kong SAR China
1025
+18
🇭🇰 Saxons · Hong Kong SAR China
1017
+18
🇺🇸 Varangians · United States
989
+19
🇺🇸 Magyars · United States
988
+19
🇺🇸 Varangians · United States
1120
-22
🇺🇸 Saxons · United States
1058
-18
🇲🇽 Wei · Mexico
1053
-18
🇭🇰 Khmer · Hong Kong SAR China
995
-16
DanTheMan
4:26 Loom
5:30 Loom
11:06 Feudal Age
16:12 Castle Age
14:16 Double-Bit Axe
14:22 Horse Collar
17:10 Gold Mining
18:01 Bow Saw
18:09 Bloodlines
17:56 Stone Mining
19:02 Husbandry
19:25 Gambesons
22:00 Wheelbarrow
24:45 Stone Shaft Mining
26:32 Fervor
28:09 Forging
28:04 Scale Barding Armor
30:04 Vendel Legacy
31:55 Iron Casting
31:41 Chain Barding Armor
32:05 Hand Cart
32:15 Town Watch
33:54 Town Patrol
37:05 Imperial Age
36:17 Fletching
36:28 Padded Archer Armor
36:45 Heavy Plow
37:02 Crossbowman
38:05 Bodkin Arrow
37:35 Cranequins
38:44 Heavy Mounted Crossbowman
39:46 Conscription
41:27 Leather Archer Armor
42:09 Cavalier
45:04 Gothikon
45:29 Capped Ram
46:27 Squires
50:38 Blast Furnace
51:10 Scale Mail Armor
51:50 Plate Barding Armor
51:46 Ring Archer Armor
51:22 Pikeman
53:22 Ballistics
54:03 Chemistry
54:29 Chain Mail Armor
54:26 Elite Varangian Guard
60:04 Light Cavalry
crypto760
5:49 Loom
10:37 Feudal Age
14:39 Double-Bit Axe
14:41 Horse Collar
17:06 Castle Age
17:12 Wheelbarrow
18:18 Bow Saw
18:10 Heavy Plow
18:40 Gold Mining
18:39 Town Watch
20:19 Scale Mail Armor
26:59 Gambesons
27:18 Squires
27:04 Arson
29:30 Elite Skirmisher
31:12 Man-at-Arms
31:13 Pikeman
31:47 Stone Mining
35:11 Imperial Age
32:57 Hand Cart
32:35 Long Swordsman
34:08 Gold Shaft Mining
35:36 Two-Handed Swordsman
37:22 Fletching
37:32 Padded Archer Armor
37:43 Forging
41:27 Two-Man Saw
41:01 Crop Rotation
41:57 Iron Casting
41:37 Chain Mail Armor
45:24 Capped Ram
46:17 Champion
47:30 Ballistics
48:36 Plate Mail Armor
47:56 Siege Ram
50:26 Elite Varangian Guard
55:23 Conscription
56:25 Chemistry
56:14 Elite Hearth Troop
56:16 Shield Wall
60:56 Heavy Mounted Crossbowman
60:57 Cranequins
61:45 Thumb Ring
62:58 Bodkin Arrow
63:19 Leather Archer Armor
63:11 Scale Barding Armor
DrJorgexx
8:48 Loom
10:57 Feudal Age
15:14 Castle Age
13:17 Double-Bit Axe
14:45 Horse Collar
17:08 Wheelbarrow
22:40 Gold Mining
23:12 Stone Mining
23:24 Heavy Plow
23:48 Bow Saw
24:49 Gold Shaft Mining
25:50 Padded Archer Armor
30:06 Imperial Age
29:05 Stone Shaft Mining
29:00 Tuntian
29:04 Fletching
29:30 Leather Archer Armor
29:55 Bodkin Arrow
30:28 Ballistics
31:28 Ring Archer Armor
32:03 Chemistry
31:28 Conscription
32:08 Parthian Tactics
31:49 Thumb Ring
32:26 Bloodlines
32:41 Hand Cart
32:16 Town Watch
32:51 Hand Cart
33:30 Husbandry
33:45 Bracer
34:41 Ming Guang Armor
36:02 Elite Tiger Cavalry
37:55 Scale Barding Armor
39:31 Chain Barding Armor
39:22 Forging
40:41 Iron Casting
43:05 Blast Furnace
46:31 Hoardings
53:42 Heavy Hei Guang Cavalry
62:23 Elite Skirmisher
63:01 Crossbowman
慈溪牛牛
11:40 Feudal Age
14:16 Loom
14:52 Double-Bit Axe
18:28 Castle Age
20:19 Bow Saw
23:23 Fletching
25:22 Stone Mining
25:23 Gold Mining
27:52 Stone Shaft Mining
28:43 Gold Shaft Mining
30:54 Wheelbarrow
34:40 Imperial Age
32:27 Hand Cart
33:49 Tusk Swords
33:47 Bodkin Arrow
34:03 Forging
33:54 Padded Archer Armor
35:25 Caravan
36:21 Double Crossbow
37:19 Conscription
38:03 Chemistry
37:01 Murder Holes
37:46 Hoardings
37:27 Elite Ballista Elephant
39:17 Bracer
39:53 Iron Casting
45:08 Light Cavalry
45:58 Bloodlines
46:13 Hussar
52:48 Blast Furnace
51:54 Scale Barding Armor
56:31 Husbandry
SigmaGoon18
4:50 Loom
11:36 Feudal Age
12:11 Double-Bit Axe
15:54 Wheelbarrow
20:30 Castle Age
18:57 Gold Mining
21:54 Loom
23:43 Forging
23:40 Scale Barding Armor
24:51 Horse Collar
27:23 Heavy Plow
32:04 Caravan
32:37 Bow Saw
34:06 Gold Mining
34:58 Iron Casting
36:38 Hand Cart
36:54 Chain Barding Armor
37:21 Town Watch
39:13 Husbandry
39:23 Bloodlines
40:34 Squires
40:19 Gambesons
40:22 Arson
40:41 Town Patrol
44:53 Imperial Age
44:57 Elite Jarl
47:20 Blast Furnace
46:55 Plate Barding Armor
52:47 Fletching
52:57 Padded Archer Armor
53:44 Elite Skirmisher
55:59 Stone Mining
55:38 Light Cavalry
56:26 Scale Mail Armor
56:26 Bodkin Arrow
56:47 Leather Archer Armor
58:00 Chemistry
57:43 Ballistics
57:13 Hussar
61:21 Conscription
Teliot
4:05 Loom
12:02 Feudal Age
12:37 Double-Bit Axe
13:10 Gold Mining
13:11 Stone Mining
14:14 Horse Collar
19:24 Castle Age
21:26 Wheelbarrow
22:58 Gold Shaft Mining
29:31 Thumb Ring
29:40 Fletching
33:34 Ballistics
34:22 Corvinian Army
34:33 Padded Archer Armor
35:51 Caravan
36:14 Husbandry
36:27 Bloodlines
36:41 Leather Archer Armor
36:24 Bodkin Arrow
42:08 Imperial Age
40:53 Hand Cart
42:12 Heavy Cavalry Archer
44:33 Chemistry
47:48 Recurve Bow
49:41 Parthian Tactics
谷得超勁
11:26 Feudal Age
15:40 Castle Age
16:01 Double-Bit Axe
15:59 Horse Collar
26:35 Wheelbarrow
27:32 Bow Saw
28:12 Heavy Plow
31:43 Imperial Age
30:23 Scale Mail Armor
30:34 Forging
30:53 Hand Cart
31:01 Gold Mining
31:04 Stone Mining
31:18 Gambesons
31:33 Squires
31:19 Arson
31:57 Chain Mail Armor
34:16 Chemistry
33:37 Ballistics
33:23 Siege Engineers
33:14 Murder Holes
34:39 Crop Rotation
33:53 Elite Varangian Guard
36:31 Plate Mail Armor
36:36 Iron Casting
38:09 Two-Man Saw
37:20 Shield Wall
38:21 Conscription
56:36 Caravan
Humetsang
12:47 Feudal Age
14:14 Double-Bit Axe
15:29 Loom
18:03 Castle Age
22:11 Bow Saw
29:31 Imperial Age
27:00 Gold Mining
27:01 Stone Mining
28:22 Scale Mail Armor
28:33 Forging
30:08 Chain Mail Armor
29:59 Chieftains
29:40 Elite Varangian Guard
31:10 Conscription
31:43 Plate Mail Armor
31:49 Iron Casting
31:07 Arson
31:23 Squires
34:37 Caravan
46:17 Gold Shaft Mining
46:46 Blast Furnace
51:00 Onager
Connection lost

Rejoining the realm…

Still unreachable

The connection could not be restored.

Session expired

The server has moved on; the page needs a fresh start.